details: 'milonoob'

« prev index next »

General information

Mini Map

Players

team 1
Orcokrap (pink | 102 APM | 1145 actions | 11:11)
Hero icon 1 Far Seer
Ability icon 1 Feral Spirit
Hero icon 1 Shadow Hunter
Ability icon 1 Hex

» actions
Assign group hotkey15
Basic commands83
Build / train59
Enter build submenu22
Enter hero's abilities submenu4
Give item / drop item1
Remove unit from queue14
Right click413
Select / deselect404
Select group hotkey88
Use ability42
1145 total
» units
Peon9
Grunt4
Demolisher1
Raider2
16 total
» upgrades
Melee Weapons1
Armor1
Backpack1
Ranged Weapons1
4 total
» buildings
Altar of Storms1
Orc Burrow6
Voodoo Lounge1
Barracks2
War Mill1
Stronghold3
Beastiary2
16 total
» build order
00:07 Altar of Storms
00:08 Orc Burrow
00:11 Voodoo Lounge
01:21 Barracks
01:58 Orc Burrow
02:06 Orc Burrow
02:52 War Mill
03:48 Orc Burrow
04:42 Stronghold
04:43 Stronghold
04:43 Stronghold
06:00 Orc Burrow
08:16 Beastiary
08:18 Beastiary
08:38 Barracks
08:51 Orc Burrow
» items
Healing Salve3
Scroll of Speed4
Dust of Appearance2
Boots of Speed1
Circlet of Nobility1
11 total
team 2
Orcmilo (red | 57 APM | 639 actions | 11:17)
Hero icon 2 Blademaster
Ability icon 1 Wind Walk
Ability icon 1 Critical Strike

» actions
Assign group hotkey10
Build / train26
Enter build submenu13
Enter hero's abilities submenu2
Right click315
Select / deselect146
Select group hotkey97
Use ability30
639 total
» units
Peon5
Grunt7
Raider2
14 total
» upgrades
Melee Weapons1
Berserker Strength1
Ensnare1
3 total
» buildings
Altar of Storms1
Orc Burrow3
Barracks1
Voodoo Lounge2
Stronghold1
War Mill1
Beastiary1
Watch Tower1
Spirit Lodge1
12 total
» build order
00:03 Altar of Storms
00:06 Orc Burrow
00:52 Barracks
01:48 Orc Burrow
02:40 Voodoo Lounge
03:43 Stronghold
03:56 War Mill
05:54 Voodoo Lounge
06:09 Beastiary
08:18 Watch Tower
08:44 Orc Burrow
10:53 Spirit Lodge
» items
Healing Salve1
Potion of Healing2
Potion of Mana1
Lesser Clarity Potion1
5 total